 Dungeon Crawl Stone Soup version 0.21.0-3-g78d12a8bdd (webtiles) character file.

63450 zppfan the Warrior (level 14, -21/135 HPs)
             Began as a Minotaur Fighter on Jan 8, 2018.
             Was a High Priest of Okawaru.
             Demolished by an enormous slime creature (69 damage)
             ... on level 12 of the Dungeon on Jan 12, 2018.
             The game lasted 02:30:13 (18541 turns).

zppfan the Warrior (Minotaur Fighter)              Turns: 18541, Time: 02:30:14

Health: -21/135    AC: 28    Str: 27    XL:     14   Next: 68%
Magic:  16/18      EV: 10    Int:  5    God:    Okawaru [*****.]
Gold:   497        SH: 14    Dex:  9    Spells: 13/13 levels left

rFire    . . .     SeeInvis +   A - +1 flail (crush)
rCold    . . .     Gourm    .   c - +0 shield
rNeg     + . .     Faith    .   b - +0 plate armour
rPois    .         Spirit   .   Q - +2 hat {SInv}
rElec    .         Reflect  .   T - +1 cloak {+Inv}
rCorr    .         Harm     .   q - +2 pair of gloves "Safohibb" {rN+ Regen+ Slay+3}
MR       ++...                  w - +0 pair of boots
Stlth    ..........             I - amulet of regeneration
HPRegen  1.12/turn              V - +1 ring of evasion
MPRegen  0.16/turn              g - ring of protection from magic

@: heroism, heavily drained
A: retaliatory headbutt, horns 2
a: Heroism, Finesse, Renounce Religion, Evoke Invisibility


You were on level 12 of the Dungeon.
You worshipped Okawaru.
Okawaru was extremely pleased with you.
You were not hungry.

You visited 3 branches of the dungeon, and saw 19 of its levels.
You also visited: Ossuary.

You collected 1071 gold pieces.
You spent 574 gold pieces at shops.

Inventory:

Hand Weapons
 j - a +2 great mace of protection
 A - a +1 flail of crushing (weapon)
Armour
 b - a +0 plate armour (worn)
 c - a +0 shield (worn)
 q - the +2 pair of gloves "Safohibb" (worn) {rN+ Regen+ Slay+3}
   (You bought it in a shop on level 10 of the Dungeon)

   It affects your accuracy and damage with ranged weapons and melee attacks
   (+3).
   It protects you from negative energy.
   It increases your rate of regeneration.
 w - a +0 pair of boots (worn)
 Q - a +2 hat of see invisible (worn)
 T - a +1 cloak of invisibility (worn)
Jewellery
 g - a ring of protection from magic (right hand)
 k - an uncursed ring of resist corrosion {unknown}
 r - a +4 ring of evasion
 I - an amulet of regeneration (around neck)
 V - a +1 ring of evasion (left hand)
Wands
 s - a wand of clouds (11)
 y - a wand of flame (21)
 C - a wand of digging (24)
 D - a wand of disintegration (13)
 R - a wand of acid (21)
Scrolls
 h - 2 scrolls of identify
 i - 7 scrolls of remove curse
 l - 2 scrolls of enchant armour
 m - 11 scrolls of teleportation
 o - a scroll of fog {unknown}
 p - a scroll of blinking
 x - 5 scrolls of immolation
 S - a scroll of fear
 U - 3 scrolls of amnesia
 W - 3 scrolls of random uselessness {unknown}
Potions
 a - a potion of experience
 d - a potion of invisibility
 e - 4 potions of flight
 v - 4 potions of curing
 F - 3 potions of haste
 L - 2 potions of heal wounds
 Y - 5 potions of might
Comestibles
 f - 42 rations
 n - 3 chunks of flesh


   Skills:
 + Level 15.4(17.9) Fighting
 + Level 15.2(17.7) Maces & Flails
 + Level 15.3(17.9) Armour
 + Level 13.7(16.3) Shields
 - Level 7.0(5.2) Invocations


You had 13 spell levels left.
You didn't know any spells.

Dungeon Overview and Level Annotations

Branches:
Dungeon (12/15)            Temple (1/1) D:7            Lair (6/6) D:8
  Swamp (0/4) Lair:2        Snake (0/4) Lair:2        Slime (0/5) Lair:6
    Orc (0/2) D:10

Altars:
Ashenzari
Cheibriados
Dithmenos
Elyvilon
Fedhas
Gozag
Hepliaklqana
Kikubaaqudgha
Makhleb
Nemelex Xobeh
Okawaru
Qazlal
Ru
Sif Muna
Trog
Uskayaw
Vehumet
Wu Jian
Xom
Yredelemnul
Zin
The Shining One

Shops:
D:10 =[[%

Annotations:
Lair:2 exclusion: 2 oklob plants


Innate Abilities, Weirdness & Mutations

You reflexively headbutt those who attack you in melee.
You have a pair of horns on your head.


Message History

You furiously retaliate!
You headbutt the enormous slime creature.
You hit the enormous slime creature.
The enormous slime creature is severely wounded.
You block the enormous slime creature's attack.
You hit the enormous slime creature.
The enormous slime creature is severely wounded.
The enormous slime creature hits you!!
You don't know any spells.
You gain the combat prowess of a mighty hero.
You block the enormous slime creature's attack.
You sock the enormous slime creature!
Your headbutt misses the enormous slime creature.
The enormous slime creature is severely wounded.
You thump the enormous slime creature!
You headbutt the enormous slime creature!
The enormous slime creature is almost dead.
The enormous slime creature hits you!!!
Ouch! That really hurt!
You die...

......#
+.....<......#
#.......
......#
#........>...#
#.......
......#
#............#
#.......
...†..#
#....>.......#
#.......
....<.#
###########'##
#.......
......#
#...>[#
#####+##
.######
#.##### [# #.#
. #@# # #J#
?.. .$...
.!.....
.........
..........#
'..........#


You could see an enormous slime creature.

Vanquished Creatures
  Gastronok (D:8)
  The ghost of Burgietje the Executioner, a journeyman MiFi of Okawaru (Lair:6)
  Josephine (D:10)
  The ghost of ciphuk the Quickloader, a journeyman KoHu of Dithmenos (D:12)
  6 hydras
  Erica (D:8)
  2 catoblepae
  4 two-headed ogres
  4 death yaks (Lair:5)
  2 tengu warriors (D:10)
  The ghost of Fv001 the Blocker, a novice DrFi of Vehumet (D:8)
  Sonja (Lair:1)
  Nergalle (D:8)
  The ghost of team8te the Slicer, a novice HuHu of Gozag (D:7)
  An unseen horror (D:11)
  An ugly thing (D:12)
  A manticore (D:10)
  Joseph (D:8)
  13 elephants
  3 black mambas
  9 spiny frogs
  3 rime drakes
  A freezing wraith (D:11)
  8 komodo dragons
  A queen bee (D:10)
  2 trolls (D:10)
  3 polar bears
  4 hornets (Lair:6)
  A dream sheep (Lair:6)
  9 blink frogs
  8 hippogriffs
  14 spriggans (Lair:6)
  2 shadows
  4 wraiths (D:9)
  A wyvern (Lair:6)
  48 yaks
  4 basilisks
  A steam dragon (Lair:4)
  A hungry ghost (D:12)
  2 wargs (D:8)
  12 water moccasins
  8 porcupines
  A swamp drake (D:10)
  7 orc warriors
  4 sky beasts
  4 black bears (Lair:6)
  A hornet zombie (D:11)
  6 ice beasts
  2 phantoms
  5 ogres
  26 wolves
  An eye of draining (D:9)
  4 boggarts (Lair:6)
  5 centaurs
  2 big kobolds
  9 crocodiles
  12 bullfrogs
  Blork the orc (D:4)
  A gnoll sergeant (D:10)
  A wyvern zombie (D:10)
  A wyvern skeleton (D:10)
  2 scorpions
  A water moccasin skeleton (D:9)
  40 killer bees (D:10)
  8 wights
  5 howler monkeys
  3 electric eels (Lair:1)
  7 crimson imps
  4 centaur zombies
  A quasit (D:9)
  2 bullfrog zombies
  2 human zombies (Ossuary)
  8 hounds
  19 jellies
  7 orc priests
  4 centaur skeletons
  4 iguanas
  11 orc wizards
  3 worker ants
  2 killer bee zombies (D:9)
  The ghost of Esekla the Grasshopper, a weakling BaWr (D:3)
  A hound zombie (D:7)
  A hound skeleton (D:7)
  2 mummies (Ossuary)
  A worker ant zombie (D:9)
  10 gnolls
  15 adders
  4 shadow imps
  6 oozes
  An adder zombie (Ossuary)
  2 adder skeletons (D:6)
  3 worms
  4 dart slugs
  5 leopard geckos
  39 orcs
  6 bats
  7 giant cockroaches
  10 goblins
  11 hobgoblins
  13 jackals
  15 kobolds
  7 quokkas
  A ball python (D:5)
  7 frilled lizards
  2 goblin zombies (Ossuary)
  10 hobgoblin zombies (Ossuary)
  A jackal skeleton (D:5)
  2 jackal zombies (Ossuary)
  11 kobold zombies (Ossuary)
  7 orc zombies (Ossuary)
  2 quokka skeletons
  A quokka zombie (D:5)
  12 rats
  A rat zombie (Ossuary)
  2 fungi
642 creatures vanquished.

Vanquished Creatures (others)
  A hippogriff (D:10)
  An orc (D:10)
  5 fungi (Lair:6)
7 creatures vanquished.

Grand Total: 649 creatures vanquished

Notes
Turn   | Place    | Note
-------+----------+-------------------------------------------
     0 | D:1      | zppfan the Minotaur Fighter began the quest for the Orb.
     0 | D:1      | Reached XP level 1. HP: 19/19 MP: 0/0
   118 | D:1      | Reached XP level 2. HP: 23/27 MP: 1/1
   397 | D:1      | Reached XP level 3. HP: 33/33 MP: 2/2
   739 | D:2      | Reached XP level 4. HP: 25/41 MP: 3/3
  1008 | D:2      | Found a blossoming altar of Fedhas.
  1400 | D:3      | Noticed Esekla's ghost (weakling BaWr)
  1417 | D:3      | Killed Esekla's ghost
  1511 | D:3      | Reached XP level 5. HP: 18/47 MP: 4/4
  1883 | D:3      | Reached skill level 5 in Armour
  2087 | D:3      | Reached skill level 5 in Fighting
  2354 | D:4      | Reached XP level 6. HP: 54/56 MP: 5/5
  2633 | D:4      | Noticed Blork the orc
  2646 | D:4      | Killed Blork the orc
  2646 | D:4      | Reached skill level 5 in Shields
  2936 | D:5      | Entered Level 5 of the Dungeon
  2959 | D:5      | Reached skill level 5 in Maces & Flails
  3117 | D:5      | Reached XP level 7. HP: 11/62 MP: 6/6
  3296 | D:5      | Found a sacrificial altar of Ru.
  4112 | D:6      | Reached XP level 8. HP: 60/71 MP: 7/7
  5077 | D:7      | Found a staircase to the Ecumenical Temple.
  5098 | D:7      | Found a glowing golden altar of the Shining One.
  5142 | D:7      | Found a sand-covered staircase.
  5159 | D:7      | Reached XP level 9. HP: 82/82 MP: 8/8
  5181 | Ossuary  | Entered an ossuary
  5411 | D:7      | Noticed team8te's ghost (novice HuHu)
  5452 | D:7      | Killed team8te's ghost
  5498 | Temple   | Entered the Ecumenical Temple
  5515 | Temple   | Became a worshipper of Warmaster Okawaru
  6120 | D:8      | Noticed Fv001's ghost (novice DrFi)
  6174 | D:8      | Killed Fv001's ghost
  6174 | D:8      | Reached * piety under Okawaru
  6174 | D:8      | Reached skill level 10 in Fighting
  6174 | D:8      | Reached skill level 10 in Armour
  6214 | D:8      | Noticed a two-headed ogre
  6224 | D:8      | Killed a two-headed ogre
  6224 | D:8      | Reached ** piety under Okawaru
  6224 | D:8      | Reached XP level 10. HP: 26/93 MP: 9/9
  6266 | D:8      | Reached skill level 10 in Maces & Flails
  6336 | D:8      | Noticed a two-headed ogre
  6354 | D:8      | Killed a two-headed ogre
  6354 | D:8      | Reached *** piety under Okawaru
  6437 | D:8      | Found a staircase to the Lair.
  6510 | D:8      | Noticed Erica
  6511 | D:8      | Noticed Gastronok
  6519 | D:8      | Killed Erica
  6546 | D:8      | Killed Gastronok
  6546 | D:8      | Reached **** piety under Okawaru
  6546 | D:8      | Reached XP level 11. HP: 54/102 MP: 7/10
  6847 | D:8      | Noticed Joseph
  6863 | D:8      | Killed Joseph
  7020 | D:8      | Found an iron altar of Okawaru.
  7276 | Lair:1   | Entered Level 1 of the Lair of Beasts
  7276 | Lair:1   | Noticed Nergalle
  7783 | D:8      | Killed Nergalle
  7783 | D:8      | Reached ***** piety under Okawaru
  7930 | Lair:1   | Reached skill level 1 in Invocations
  8684 | Lair:1   | Noticed Sonja
  9184 | D:9      | Noticed a two-headed ogre
  9197 | D:9      | Killed a two-headed ogre
  9197 | D:9      | Received a gift from Okawaru
  9197 | D:9      | Reached skill level 5 in Invocations
  9296 | D:9      | Noticed a two-headed ogre
  9308 | D:9      | Killed a two-headed ogre
 10001 | D:10     | Entered Level 10 of the Dungeon
 10033 | D:10     | Noticed Josephine
 10754 | D:10     | Found Megasup's Armour Shop.
 10774 | D:10     | Killed Josephine
 10774 | D:10     | Reached XP level 12. HP: 109/112 MP: 7/16
 10816 | D:10     | Found Dejyxo's Armour Shoppe.
 10877 | D:10     | Bought the +2 pair of gloves "Safohibb" {rN+ Regen+ Slay+3} for 574 gold pieces
 10910 | D:10     | Found Zuitiasicu's Food Shop.
 11129 | D:10     | Noticed a seven-headed hydra
 11153 | D:10     | Killed a seven-headed hydra
 11153 | D:10     | Reached skill level 10 in Shields
 11206 | D:10     | Noticed a tengu warrior
 11209 | D:10     | Noticed a tengu warrior
 11224 | D:10     | Killed a tengu warrior
 11225 | D:10     | Killed a tengu warrior
 11225 | D:10     | Received a gift from Okawaru
 11227 | D:10     | Got a faintly glowing hand crossbow {god gift}
 11313 | D:10     | Found a staircase to the Orcish Mines.
 11428 | D:10     | Found Vuloj's Jewellery Boutique.
 11846 | Lair:1   | Killed Sonja
 12409 | Lair:2   | Found a staircase to the Swamp.
 12732 | Lair:2   | Found a staircase to the Snake Pit.
 13012 | Lair:3   | Reached XP level 13. HP: 116/122 MP: 17/17
 14138 | Lair:4   | Received a gift from Okawaru
 15818 | Lair:6   | Entered Level 6 of the Lair of Beasts
 15997 | Lair:6   | Found a staircase to the Slime Pits.
 16012 | Lair:6   | Reached XP level 14. HP: 133/133 MP: 18/18
 16041 | Lair:6   | Received a gift from Okawaru
 16365 | Lair:6   | Noticed Burgietje's ghost (journeyman MiFi)
 16451 | Lair:6   | Killed Burgietje's ghost
 16759 | Lair:6   | Reached skill level 15 in Fighting
 16782 | Lair:6   | Reached skill level 15 in Armour
 17077 | Lair:6   | Reached skill level 15 in Maces & Flails
 18094 | D:12     | Noticed ciphuk's ghost (journeyman KoHu)
 18292 | D:12     | Killed ciphuk's ghost
 18292 | D:12     | Received a gift from Okawaru
 18415 | D:12     | Found a blossoming altar of Fedhas.
 18541 | D:12     | Demolished by an enormous slime creature

Skill      XL: |  1  2  3  4  5  6  7  8  9 10 11 12 13 14 |
---------------+-------------------------------------------+-----
Armour         | 4 5 6 8 10 11 12 13 14 15 | 15.3
Shields        | 4 5 6 8 9 11 12 13 | 13.7
Fighting       | 4 5 6 8 10 11 12 13 14 15 | 15.4
Maces & Flails | 3 4 5 6 7 9 11 13 14 15 | 15.2
Invocations    | 7 |  7.0

Action                   |  1- 3 |  4- 6 |  7- 9 | 10-12 | 13-15 || total
-------------------------+-------+-------+-------+-------+-------++-------
Melee: Flail             |   102 |   162 |   376 |   810 |   938 ||  2388
       Headbutt          |    13 |    30 |    82 |   156 |   253 ||   534
Invok: Heroism           |       |       |       |    21 |     8 ||    29
       Finesse           |       |       |       |    10 |     1 ||    11
Evoke: Wand              |       |     2 |     7 |     2 |     1 ||    12
  Use: Potion            |       |     1 |       |     1 |     1 ||     3
       Scroll            |       |       |     5 |     9 |     9 ||    23
 Stab: Petrified         |       |       |       |       |     3 ||     3
  Eat: Chunk             |       |     7 |     5 |    11 |    12 ||    35
       Ration            |       |       |     2 |     3 |     2 ||     7
Armor: Scale mail        |    35 |    17 |       |       |       ||    52
       Leather armour    |     4 |       |       |       |       ||     4
       Plate armour      |       |    46 |   172 |   349 |   404 ||   971
Dodge: Dodged            |    43 |    36 |    54 |   210 |   179 ||   522
Block: Shield            |    43 |    84 |   162 |   473 |   502 ||  1264
